 Dungeon Crawl Stone Soup version 0.31.0-9-g3a7656b989 (console) character file.

Game seed: 7431669306643156267

110 AlterAsc the Ruffian (level 4, 0/42 HPs)
             Began as an Octopode Shapeshifter on Jan 25, 2024.
             Slain by a gnoll
             ... wielding a +0 whip
              (4 damage)
             ... on level 2 of the Dungeon.
             The game lasted 00:02:59 (1712 turns).

AlterAsc the Ruffian (Octopode Shapeshifter)        Turns: 1712, Time: 00:03:00

Health: 0/42       AC: 22    Str: 15    XL:     4   Next: 91%
Magic:  4/4        EV:  2    Int: 12    God:
Gold:   137        SH:  0    Dex: 11    Spells: 3/3 levels left

rFire   . .          .
                       - Unarmed
rCold   . . .        (no shield)
rNeg    . . .        (helmet currently unavailable)
rPois   +            (no amulet)
rElec   .            e - ring of willpower
rCorr   .            j - ring of willpower
SInv    .            n - +5 ring of evasion
Will    ++...        (no ring)
Stlth   +            (no ring)
HPRegen 0.27/turn    (no ring)
MPRegen 0.09/turn    (no ring)
                     (no ring)

%: no passive effects
@: tree-form
A: stationary, stasis, torment immunity, boosted hp, almost no armour,
(amphibious), 8 rings, (camouflage 1), (gelatinous body 1), (nimble swimmer 1),
(tentacles)
a: no special abilities


You were on level 2 of the Dungeon.
You were a tree.
You visited 1 branch of the dungeon, and saw 3 of its levels.

You collected 137 gold pieces.

Inventory:

Missiles
 d - 26 stones (quivered)
 k - 5 datura-tipped darts
Jewellery
 e - a ring of willpower (left branch)
 j - a ring of willpower (right branch)
 n - a +5 ring of evasion (on tentacle)
Talismans
 b - a beast talisman
 c - a flux talisman
Wands
 m - a wand of acid (5)
Scrolls
 g - a scroll of identify {unknown}
 h - a scroll of immolation {unknown}
Potions
 f - a potion of attraction {unknown}
 i - a potion of haste {unknown}
 l - a potion of curing {unknown}


   Skills:
 - Level 1.0 Fighting
 - Level 2.0 Dodging
 + Level 5.4 Unarmed Combat
 - Level 3.0 Shapeshifting


You had 3 spell levels left.
You didn't know any spells.
Your spell library contained the following spells:

 Spells                   Type           Power      Damage    Failure   Level
 Jinxbite                 Hex            0%         N/A       45%         2
 Tukima's Dance           Hex            0%         N/A       69%         3
 Passage of Golubria      Tloc           0%         N/A       97%         4
 Yara's Violent Unravell  Hex/Alch       0%         3d3       100%        5
 Enfeeble                 Hex            0%         N/A       100%        7


Dungeon Overview and Level Annotations

Branches:
Dungeon (3/15)

Altars:


Innate Abilities, Weirdness & Mutations

You are a tree.
Your roots penetrate the ground, keeping you stationary.
You cannot be teleported.
You are immune to unholy pain and torment.
Your maximum health is greatly increased.
You cannot wear most types of armour.
((You are amphibious.))
You can wear up to eight rings at the same time.
((Your skin changes colour to match your surroundings (Stealth+).))
((Your rubbery body absorbs attacks. (AC +1, EV +1)))
((You are camouflaged when in or above water. (Stealth+)))
((You have tentacles for arms and can constrict up to eight enemies at once.))


Message History

You throw a stone.
The stone hits the gnoll but does no damage.
Throw: 27 stones
Press: ? - help, Q - select action, (/) - cycle Shift-Dir - straight line, f/p - gnoll
Aim: a gnoll, wielding a +0 club (56% to hit)
You throw a stone. The stone closely misses the gnoll.
The stone hits the gnoll but does no damage.
You tentacle-slap the gnoll but do no damage.
You grab the gnoll. You constrict the gnoll.
The gnoll escapes!
You tentacle-slap the gnoll. Your grab misses the gnoll.
The gnoll is lightly wounded.
The gnoll hits you with a +0 club.
You barely miss the gnoll. Your grab misses the gnoll.
The gnoll is lightly wounded.
The gnoll misses you. x2
You bludgeon the gnoll! You grab the gnoll. You tentacle-slap the gnoll.
You kill the gnoll!
The gnoll hits you with a +0 spear!
There is a stone staircase leading up here.
The gnoll hits you with a +0 spear. The gnoll hits you with a +0 whip.
* * * LOW HITPOINT WARNING * * *
You climb upwards.
There is a stone staircase leading down here.
Really quaff the potion of lignification?
Your transformation has ended.
You turn into a tree.
Your roots penetrate the ground.
The gnoll hits you with a +0 whip.
* * * LOW HITPOINT WARNING * * *
The gnoll hits you with a +0 spear.
* * * LOW HITPOINT WARNING * * *
You closely miss the gnoll.
The gnoll hits you but does no damage. x2
You barely miss the gnoll. The gnoll hits you with a +0 whip.
* * * LOW HITPOINT WARNING * * *
The gnoll hits you but does no damage.
You smack the gnoll!
You kill the gnoll!
The gnoll hits you but does no damage.
You hit the gnoll. Your punch misses the gnoll.
The gnoll is lightly wounded.
The gnoll hits you with a +0 whip.
You die...

......# #.###.##########
......####..##.# #.....#
...............# #.###.#
)....#####..#### #.# #.#
.....# #.....######.# #.#
.....# #............# #.#
.....###.....##########.#
.............###........#
#########.#......########
#.#....).# ####
#.##...g♣#
...######...<#.###
...#........##.#
...#........##+###
...#.............#
...#.............#
...#.............##
...#..............#
...########.......###
...# #.........# ...#
#...#####.##


You could see a gnoll.

Vanquished Creatures
  A bombardier beetle (D:3)
  An adder (D:2)
  2 gnolls
  A dart slug (D:1)
  A ribbon worm (D:3)
  An orc (D:3)
  4 ball pythons
  3 endoplasms
  2 giant cockroaches (D:1)
  2 goblins
  5 hobgoblins
  2 quokkas
  2 bats
  4 frilled lizards
  4 kobolds
  6 rats
41 creatures vanquished.

Notes
Turn   | Place    | Note
-------+----------+-------------------------------------------
     0 | D:1      | AlterAsc the Octopode Shapeshifter began the quest for the
                  | Orb.
     0 | D:1      | Reached XP level 1. HP: 13/13 MP: 1/1
   187 | D:1      | Reached XP level 2. HP: 18/18 MP: 2/2
   296 | D:1      | You fall into a shaft and drop 1 floor!
   847 | D:2      | Reached skill level 4 in Unarmed Combat
  1008 | D:2      | Reached XP level 3. HP: 20/23 MP: 3/3
  1501 | D:3      | Reached skill level 5 in Unarmed Combat
  1501 | D:3      | Reached XP level 4. HP: 28/28 MP: 4/4
  1712 | D:2      | Slain by a gnoll

Illustrated notes

Levels and vault maps discovered:
D:1:      nagdon_arrival_double_spiral, layout_loops_corners,
          kennysheep_pointless_box, minmay_fountain_box
D:2:      layout_basic, minmay_distorted
D:3:      layout_rooms, grunt_decor_junction, st_stairs_8

Skill      XL: |  1  2  3 |
---------------+----------+-----
Unarmed Combat | 4 5 |  5.4
Fighting       | |  1.0
Dodging        | |  2.0
Shapeshifting  | |  3.0

Action                     |  1- 3 |  4- 6 || total
---------------------------+-------+-------++-------
  Melee: Unarmed           |    64 |    24 ||    88
         Constrict         |    11 |     6 ||    17
         Tentacles         |     6 |     2 ||     8
         Punch             |       |     1 ||     1
  Throw: Stone             |       |     3 ||     3
    Use: Potion            |       |     1 ||     1
   Stab: Sleeping          |     6 |     1 ||     7
 Armour: Skin              |    21 |    18 ||    39
  Dodge: Dodged            |    32 |    17 ||    49
